 Dungeon Crawl Stone Soup version 0.18-a0-1554-g49b38aa (webtiles) character file.

121 MenacingMecha the Cudgeler (level 5, -4/54 HPs)
             Began as an Ogre Berserker on Mar 12, 2016.
             Was a Priest of Trog.
             Slain by Grinder (5 damage)
             ... on level 3 of the Dungeon.
             The game lasted 00:08:50 (3433 turns).

MenacingMecha the Cudgeler (Ogre Berserker)         Turns: 3433, Time: 00:08:50

Health: -4/54      AC:  3    Str: 23    XL:     5   Next: 5%
Magic:  5/5        EV: 10    Int:  6    God:    Trog [***...]
Gold:   164        SH:  0    Dex:  9    Spells: 0 memorised, 4 levels left

rFire  . . .     SeeInvis .     a - +0 mace
rCold  . . .     Gourm    .     b - +0 animal skin
rNeg   . . .     Faith    .     (no shield)
rPois  .         Spirit   .     (helmet restricted)
rElec  .         Dismiss  .     (no cloak)
rCorr  .         Reflect  .     (gloves unavailable)
SustAt .         Harm     .     (boots unavailable)
MR     ++...                    (no amulet)
Stlth  +.........               (no ring)
                                (no ring)

@: regenerating, very resistant to hostile enchantments, very unstealthy
A: unfitting armour, tough skin 1
a: Berserk, Trog's Hand, Burn Spellbooks, Renounce Religion


You were on level 3 of the Dungeon.
You worshipped Trog.
Trog was most pleased with you.
You were very hungry.

You visited 1 branch of the dungeon, and saw 3 of its levels.

You collected 164 gold pieces.

Inventory:

Hand Weapons
 a - a +0 mace (weapon)
Missiles
 h - 8 tomahawks (quivered)
Armour
 b - a +0 animal skin (worn)
 i - a +0 large shield
Wands
 m - a wand of lightning (9/15)
Scrolls
 e - a scroll of magic mapping {unknown}
 o - a scroll of fear {unknown}
 q - a scroll of identify
 r - a scroll of remove curse {unknown}
 s - a scroll of teleportation
Potions
 d - 2 potions of curing {unknown}
 f - 2 potions of degeneration {unknown}
 g - a potion of heal wounds {unknown}
 k - a potion of flight {unknown}
 l - a potion of lignification {unknown}
 n - a potion of invisibility {unknown}
 t - a potion of might {unknown}
Comestibles
 c - 2 bread rations
 j - a meat ration
 p - a beef jerky


   Skills:
 - Level 4.0 Fighting
 + Level 7.3 Maces & Flails
 - Level 2.6 Dodging


You had 4 spell levels left.
You didn't know any spells.

Dungeon Overview and Level Annotations

Branches:
Dungeon (3/15)

Altars:
Dithmenos
Ru
Xom

Annotations:
D:3 Grinder


Innate Abilities, Weirdness & Mutations

You are too large for most types of armour.
You have tough skin (AC +1).


Message History

You resist with almost no effort.
You barely miss Grinder.
Grinder is moderately wounded.
Grinder hits you.
You writhe in agony.
Grinder misses you.
You hit Grinder but do no damage.
Grinder is moderately wounded.
Grinder says, "My boss said I was rubbish.
His entrails said otherwise."
Grinder hits you.
You writhe in agony.
You hit Grinder.
Grinder is moderately wounded.
Grinder hits you.
* * * LOW HITPOINT WARNING * * *
You writhe in agony.
* * * LOW HITPOINT WARNING * * *
You hit Grinder.
Grinder is moderately wounded.
Grinder hits you!
* * * LOW HITPOINT WARNING * * *
You writhe in agony.
You die...

# #..###...#
##.......######.## #
#.#...##.# ##.....##
#...... #........#
##...#####...### ####.#####
##+....)....### #.#
#..#######.##. #.# #####
#..# ### #.##. #.#
#...###..#######.##. #.#
###)..##.....'_'...##. #.#
#...5@.....###+###....
#.............<.# #.# #..#.
######........#.###.###.##.
###...###.............
#...# ############## #####


You could see Grinder.

Vanquished Creatures
  4 adders
  An ooze (D:2)
  2 worms
  A dart slug (D:2)
  3 giant geckos
  3 orcs (D:3)
  A ball python (D:3)
  2 giant cockroaches (D:3)
  7 goblins
  8 hobgoblins
  6 jackals (D:3)
  5 bats
  5 giant newts
  7 kobolds
  11 rats
66 creatures vanquished.

Notes
Turn   | Place    | Note
--------------------------------------------------------------
     0 | D:1      | MenacingMecha the Ogre Berserker began the quest for the Orb.
     0 | D:1      | Reached XP level 1. HP: 24/24 MP: 1/1
   189 | D:1      | Reached XP level 2. HP: 32/32 MP: 2/2
   247 | D:1      | Reached skill level 5 in Maces & Flails
   500 | D:1      | Reached ** piety under Trog
   804 | D:2      | Reached XP level 3. HP: 32/39 MP: 3/3
   994 | D:2      | Found a shadowy altar of Dithmenos.
   997 | D:2      | Found a shimmering altar of Xom.
  1461 | D:2      | Reached skill level 6 in Maces & Flails
  1637 | D:2      | Reached XP level 4. HP: 48/48 MP: 4/4
  2111 | D:3      | Found a sacrificial altar of Ru.
  2666 | D:3      | Reached skill level 7 in Maces & Flails
  2669 | D:3      | Reached *** piety under Trog
  3168 | D:3      | Reached XP level 5. HP: 31/54 MP: 5/5
  3414 | D:3      | Noticed Grinder
  3433 | D:3      | HP: 1/54 [Grinder (10)]
  3433 | D:3      | Slain by Grinder

Vault maps used:
D:1:      dpeg_arrival_rooms_a
D:2:      minitemple
D:3:      lemuel_doored_altar, uniq_grinder

Skill      XL: |  1  2  3  4 |
---------------+-------------+-----
Maces & Flails | 5 6 7 |  7.3
Fighting       | |  4.0
Dodging        | |  2.6

Action                   |  1- 3 |  4- 6 || total
-------------------------+-------+-------++-------
Melee: Mace              |   104 |   112 ||   216
Invok: Berserk           |     2 |       ||     2
       Trog's Hand       |       |     1 ||     1
  Use: Scroll            |       |     3 ||     3
  Eat: Chunk             |     3 |     6 ||     9
